 Dungeon Crawl Stone Soup version 0.30-a0-883-g5ad918d77d (webtiles) character file.

Game seed: 17836436029206090479

40 jasper the Chopper (level 3, -1/27 HPs)
             Began as a Demonspawn Gladiator on Mar 15, 2023.
             Was a Follower of Cheibriados.
             Slain by a gnoll
             ... wielding a +0 heavy spear
              (5 damage)
             ... on level 2 of the Dungeon.
             The game lasted 00:02:20 (1071 turns).

jasper the Chopper (Demonspawn Gladiator)           Turns: 1071, Time: 00:02:20

Health: -1/27      AC:  9    Str: 19    XL:     3   Next: 30%
Magic:  3/3        EV:  8    Int: 12    God:    Cheibriados [*.....]
Gold:   51         SH:  0    Dex: 17    Spells: 2/2 levels left

rFire   . . .      SeeInvis .    a - +0 war axe
rCold   . . .      Faith    .    (no shield)
rNeg    . . .      Spirit   .    g - +0 chain mail
rPois   .          Reflect  .    c - +0 helmet
rElec   .          Rampage  .    (no cloak)
rCorr   .                        (no gloves)
Will    .....                    (no boots) Stlth
                                 (no amulet)
HPRegen 0.24/turn                (no ring)
MPRegen 0.08/turn                (no ring)

@: very slow
A: demonic guardian 2
a: Renounce Religion, Bend Time


You were on level 2 of the Dungeon.
You worshipped Cheibriados.
Cheibriados was aware of your devotion.
You visited 1 branch of the dungeon, and saw 2 of its levels.

You collected 51 gold pieces.

Inventory:

Hand Weapons
 a - a +0 war axe (weapon)
Missiles
 d - 4 throwing nets
 e - a javelin
 i - 29 stones (quivered)
 k - 6 atropa-tipped darts
 q - 6 poisoned darts
Armour
 b - a +0 leather armour
 c - a +0 helmet (worn)
 g - a +0 chain mail (worn)
Scrolls
 f - 2 scrolls of noise {unknown}
 h - a scroll of identify {unknown}
 l - a scroll of fear {unknown}
 n - a scroll of vulnerability {unknown}
 p - 4 scrolls of enchant weapon {unknown}
Potions
 j - a potion of curing {unknown}
 m - a potion of mutation {unknown}
 o - a potion of might {unknown}


   Skills:
 - Level 2.0 Fighting
 + Level 4.0 Axes
 - Level 1.7 Throwing
 - Level 2.6 Dodging


You had 2 spell levels left.
You didn't know any spells.
Your spell library was empty.

Dungeon Overview and Level Annotations

Branches:
Dungeon (2/15)

Altars:
Cheibriados


Innate Abilities, Weirdness & Mutations

A demonic guardian rushes to your aid.


Message History

You take 7 damage, and have 5/27 hp.
MASSIVE DAMAGE!!
You slash the gnoll!
You kill the gnoll!
Cheibriados thoroughly appreciates the change of pace.
Your Axes skill increases to level 4!
You start resting.
Your orange demon disappears in a puff of smoke!
HP restored.
Health restored: 27 You climb downwards.
A gnoll comes into view. It is wielding a +0 heavy spear.
There is a stone staircase leading up, spattered with blood here.
The gnoll shouts!
The gnoll closely misses you.
A kobold comes into view. It is wielding a +0 short sword.
The kobold shouts!
The gnoll hits you with a +0 heavy spear.
You take 4 damage, and have 23/27 hp.
You hit the gnoll.
The gnoll is lightly wounded.
The kobold throws a stone.
The stone hits you but does no damage.
The gnoll hits you with a +0 heavy spear.
You take 3 damage, and have 20/27 hp.
You barely miss the gnoll.
The gnoll is lightly wounded.
The gnoll hits you from afar with a +0 halberd!
You take 6 damage, and have 14/27 hp.
MASSIVE DAMAGE!!
The gnoll hits you from afar with a +0 heavy spear.
The kobold hits you with a +0 short sword.
The gnoll hits you from afar with a +0 halberd.
* * * LOW HITPOINT WARNING * * *
A demonic guardian appears!
You take 10 damage, and have 4/27 hp.
MASSIVE DAMAGE!!
There is a stone staircase leading up, spattered with blood here.
Your rust devil hits the gnoll.
Your rust devil corrodes the gnoll!
The kobold hits you but does no damage.
The gnoll hits you from afar with a +0 halberd.
* * * LOW HITPOINT WARNING * * *
The gnoll hits you from afar with a +0 heavy spear.
You die...

.###
#.##...+..#........#
....
.>##...#..#.#..#...
.###
####.###..#.#....##
+#####.†..#
#..........#
.......####
#.......#.# .......#
####...4.....##..
.......#
#......gg......#
.......#
#.##.##K####...#
.......# #.#....@.#
#.. .......#
#.#.###.##
.......###†#.# #.#
.#.##......#.# #.#
.#. ##.......# #.# #
#...##### #.. #.#.5#
### ####.# #.#


You could see 2 gnolls, a kobold and a friendly rust devil (summoned).

Vanquished Creatures
  2 gnolls (D:1)
  A dart slug (D:1)
  3 bats
  An endoplasm (D:1)
  3 giant cockroaches
  A hobgoblin (D:1)
  2 ball pythons (D:1)
  A frilled lizard (D:2)
  A goblin (D:1)
  2 kobolds (D:1)
  2 rats (D:1)
19 creatures vanquished.

Vanquished Creatures (collateral kills)
  A ball python (D:2)
1 creature vanquished.

Grand Total: 20 creatures vanquished

Notes
Turn   | Place    | Note
-------+----------+-------------------------------------------
     0 | D:1      | jasper the Demonspawn Gladiator began the quest for the
                  | Orb.
     0 | D:1      | Reached XP level 1. HP: 16/16 MP: 1/1
   213 | D:1      | Reached skill level 3 in Axes
   403 | D:1      | Gained mutation: A weak demonic guardian rushes to your
                  | aid. [demonic ancestry]
   403 | D:1      | Reached XP level 2. HP: 22/22 MP: 2/2
   559 | D:1      | Found a faded altar of an unknown god.
   569 | D:1      | Prayed at the altar of an unknown god.
   569 | D:1      | Became a worshipper of Cheibriados the Contemplative
   569 | D:1      | Reached * piety under Cheibriados
   889 | D:1      | Gained mutation: A demonic guardian rushes to your aid.
                  | [demonic ancestry]
   889 | D:1      | Reached XP level 3. HP: 8/27 MP: 3/3
   974 | D:1      | Reached skill level 4 in Axes
  1071 | D:2      | Slain by a gnoll

Illustrated notes

Levels and vault maps discovered:
D:1:      dpeg_arrival_leaves_temple_mockup, layout_basic,
          shapermc_ecumenical_altar_starsandcircs
D:2:      layout_basic, nicolae_eternal_life, minmay_shallow_snake_nest

Skill      XL: |  1  2  3 |
---------------+----------+-----
Axes           | 3 4 |  4.0
Fighting       | |  2.0
Throwing       | |  1.7
Dodging        | |  2.6

Action                     || total
---------------------------++-------
  Melee: War axe           ||    44
  Throw: Stone             ||    10
         Throwing net      ||     1
   Stab: Held in net/web   ||     1
 Armour: Chain mail        ||    44
  Dodge: Dodged            ||    19

Table legend: (Time is in decaauts)
 A = Elapsed time spent in this place.
 B = Non-inter-level travel time spent in this place.
 C = Inter-level travel time spent in this place.
 D = Time resting spent in this place.
 E = Time spent auto-exploring this place.
 F = Levels seen in this place.
 G = Mean time per level.
                   A        B        C        D        E       F      G
               +--------+--------+--------+--------+--------+-----+--------+
         Total |   1200 |   1175 |     25 |    169 |    745 |   2 |  600.0 |
       Dungeon |   1200 |   1175 |     25 |    169 |    745 |   2 |  600.0 |
               +--------+--------+--------+--------+--------+-----+--------+

Top non-repeatable levels by time:
     D:1: 1017 daAuts
     D:2: 183 daAuts
